 Dungeon Crawl Stone Soup version 0.26-a0-663-g36e8fdb655 (webtiles) character file.

Game seed: 2757423780120477236

5 flotson the Sneak (level 1, -5/18 HPs)
             Began as a Demonspawn Delver on Oct 10, 2020.
             Was an Initiate of Fedhas.
             Slain by a worker ant (6 damage)
             ... on level 3 of the Dungeon.
             The game lasted 00:02:52 (886 turns).

flotson the Sneak (Demonspawn Delver)                Turns: 886, Time: 00:02:53

Health: -5/18      AC:  7    Str: 12    XL:     1   Next: 66%
Magic:  1/1        EV:  9    Int: 11    God:    Fedhas [......]
Gold:   75         SH:  0    Dex: 14    Spells: 0/0 levels left

rFire    . . .     SeeInvis .   i - +0 spear
rCold    . . .     Faith    .   (no shield)
rNeg     . . .     Spirit   .   g - +0 scale mail
rPois    .         Reflect  .   (no helmet)
rElec    .         Harm     .   (no cloak)
rCorr    .         Rampage  .   a - +0 pair of gloves (curse)
MR       .....                  (no boots)
Stlth    +.........             (no amulet)
HPRegen  0.06/turn              (no ring)
MPRegen  0.07/turn              (no ring)

@: no status effects
A: no striking features
a: Renounce Religion


You were on level 3 of the Dungeon.
You worshipped Fedhas.
Fedhas was noncommittal.
You visited 2 branches of the dungeon, and saw 4 of its levels.

You collected 75 gold pieces.

Inventory:

Hand Weapons
 i - a +0 spear (weapon)
Missiles
 h - 18 arrows
 p - 27 sling bullets
Armour
 a - a cursed +0 pair of gloves (worn)
 g - a +0 scale mail (worn)
Wands
 f - a wand of digging (2)
 q - a wand of random effects (4)
Scrolls
 b - a scroll of fog
 c - a scroll of magic mapping
 d - a scroll of fear
 j - a scroll of teleportation {unknown}
 k - 3 scrolls of identify {unknown}
 m - a scroll of enchant armour {unknown}
 o - 2 scrolls of remove curse {unknown}
Potions
 e - a potion of haste
 l - a potion of cancellation {unknown}
 n - a potion of brilliance {unknown}


   Skills:
 + Level 3.1 Fighting
 + Level 0.4 Armour
 + Level 2.0 Dodging
 - Level 4.5 Stealth
 - Level 1.7 Unarmed Combat
 + Level 0.0 Invocations


You couldn't memorise any spells.
You didn't know any spells.
Your spell library was empty.

Dungeon Overview and Level Annotations

Branches:
Dungeon (5/15)             Temple (1/1) D:4

Altars:
Ashenzari
Cheibriados
Dithmenos
Fedhas
Gozag
Hepliaklqana
Makhleb
Okawaru
Qazlal
Ru
Sif Muna
Trog
Uskayaw
Vehumet
Xom
Yredelemnul
Zin
The Shining One

Shops:
D:5 :!


Message History

You are too injured to fight recklessly!
You are too injured to fight recklessly!
You are too injured to fight recklessly!
You are too injured to fight recklessly!
You are too injured to fight recklessly!
You hit the worker ant.
The worker ant is lightly wounded.
The worker ant barely misses you.
You hit the worker ant.
The worker ant is moderately wounded.
The worker ant barely misses you. The worker ant bites you.
You hit the worker ant but do no damage.
The worker ant is lightly wounded.
The worker ant bites you.
* * * LOW HITPOINT WARNING * * *
You barely miss the worker ant.
The worker ant is lightly wounded.
The worker ant bites you.
You die...
Fedhas appreciates your contribution to the ecosystem.

.^........P.♣♣♣...+..>..#
###......#.♣♣♣♣P†PP.....#
#..♣P..#..P.P♣♣.......#
#P.PP.PP#........#######
#.P♣♣♣♣♣..(......# #P♣
♣.(######## ...♣♣♣♣..#
#.♣P.P..## #..PP.@.#
#..P..B.# #.......#
#.......# #.......#
#.####.## #. #.# # #..


You could see a worker ant.

Vanquished Creatures
  A giant cockroach (D:4)
  2 jackals (D:5)
  A frilled lizard (D:3)
  A kobold (D:3)
5 creatures vanquished.

Notes
Turn   | Place    | Note
-------+----------+-------------------------------------------
     0 | D:5      | flotson the Demonspawn Delver began the quest for the Orb.
     0 | D:5      | Reached XP level 1. HP: 18/18 MP: 1/1
    11 | D:5      | Found Viucs's Book Shoppe.
   108 | D:5      | Found Rorotu's Distillery.
   309 | D:5      | Noticed a necrophage
   404 | D:4      | Noticed a phantom
   481 | D:4      | Found a staircase to the Ecumenical Temple.
   489 | Temple   | Entered the Ecumenical Temple
   755 | Temple   | Became a worshipper of Fedhas Madash
   878 | D:3      | Noticed a worker ant
   886 | D:3      | Slain by a worker ant

Illustrated notes

Levels and vault maps discovered:
D:3:      layout_basic, lemuel_doored_altar, serial_forest,
          infiniplex_forest_clump_curved, infiniplex_forest_clump_C,
          infiniplex_forest_clump_medium, infiniplex_forest_lined_ring,
          infiniplex_forest_corner_1, infiniplex_forest_corner_1,
          infiniplex_forest_lined_corner, infiniplex_forest_clump_curved,
          uniq_crazy_yiuf_cottage
D:4:      layout_basic, minmay_temple_entry_sparse_star
D:5:      layout_loops_ring, serial_shops, kennysheep_little_box,
          kennysheep_mini_moat, nicolae_shop_statue_plus
Temple:   eino_narrow_crystal_temple

Skill      XL: |  1 |
---------------+----+-----
Dodging        | 2 |  2.0
Fighting       | |  3.1
Armour         | |  0.4
Stealth        | |  4.5
Unarmed Combat | |  1.7

Action                   || total
-------------------------++-------
Melee: Unarmed           ||    20
       Spear             ||    19
Evoke: Wand              ||     1
 Stab: Sleeping          ||     1
Armor: Scale mail        ||    12
Dodge: Dodged            ||    15

Table legend: (Time is in decaauts)
 A = Elapsed time spent in this place.
 B = Non-inter-level travel time spent in this place.
 C = Inter-level travel time spent in this place.
 D = Time resting spent in this place.
 E = Time spent auto-exploring this place.
 F = Levels seen in this place.
 G = Mean time per level.
                   A        B        C        D        E       F      G
               +--------+--------+--------+--------+--------+-----+--------+
         Total |    889 |    860 |     29 |     68 |    566 |   4 |  222.2 |
       Dungeon |    607 |    606 |      1 |     68 |    314 |   3 |  202.3 |
        Temple |    281 |    253 |     28 |      0 |    252 |   1 |  281.0 |
               +--------+--------+--------+--------+--------+-----+--------+

Top non-repeatable levels by time:
     D:5: 312 daAuts
  Temple: 281 daAuts
     D:4: 194 daAuts
     D:3: 100 daAuts
